 Dungeon Crawl Stone Soup version 0.17-a0-1450-g7e755d1 (webtiles) character file.

228 Fizybubbleh the Purveyor of Pain (level 5, 35/35 HPs)
             Began as a Demonspawn Necromancer on June 27, 2015.
             Was an Initiate of Kikubaaqudgha.
             Quit the game on level 4 of the Dungeon on June 30, 2015.
             The game lasted 00:17:14 (5065 turns).

Fizybubbleh the Purveyor of Pain (DsNe)             Turns: 5065, Time: 00:17:14

Health: 35/35      AC:  7    Str:  9    XL:     5   Next: 71%
Magic:  9/9        EV: 12    Int: 17    God:    Kikubaaqudgha [......]
Gold:   159        SH:  0    Dex: 13    Spells: 3 memorised, 2 levels left

rFire  . . .     SeeInvis .     m - +0 dagger (drain)
rCold  . . .     Clarity  .     a - +0 robe
rNeg   . . .     SustAt   .     (no shield)
rPois  .         Gourm    .     (no helmet)
rElec  .         Spirit   .     (no cloak)
rCorr  .         Warding  .     (no gloves)
rMut   .         Stasis   .     k - +2 pair of boots
MR     .....                    (no amulet)
Stlth  ++........               (no ring)
                                (no ring)

@: not resistant to hostile enchantments, unstealthy
A: claws 2, thin metallic scales 1
a: Renounce Religion


You were on level 4 of the Dungeon.
You worshipped Kikubaaqudgha.
Kikubaaqudgha was noncommittal.
You were not hungry.

You visited 1 branch of the dungeon, and saw 4 of its levels.

You collected 159 gold pieces.

Inventory:

Hand weapons
 d - a +0 dagger
 g - a cursed -3 club
 m - a +0 dagger of draining (weapon)
 v - a cursed -1 spear
Missiles
 l - 34 stones (quivered)
Armour
 a - a +0 robe (worn)
 k - a +2 pair of boots (worn)
Jewellery
 p - an uncursed ring of ice {unknown}
 z - an uncursed ring of protection from cold {unknown}
Magical devices
 x - a wand of paralysis (7)
Scrolls
 h - 2 scrolls of teleportation {unknown}
 i - a scroll of random uselessness {unknown}
 j - 2 scrolls of remove curse {unknown}
 r - 3 scrolls of identify {unknown}
 s - a scroll of fear {unknown}
 t - a scroll of amnesia {unknown}
 y - a scroll of blinking {unknown}
 A - a scroll of immolation {unknown}
 B - a scroll of fog {unknown}
Potions
 e - a potion of might {unknown}
 n - a potion of invisibility {unknown}
 q - a potion of lignification {unknown}
Books
 b - a book of Necromancy

   Spells                             Type                      Level
   a - Pain                           Necromancy                   1
   b - Animate Skeleton               Necromancy                   1
   c - Vampiric Draining              Necromancy                   3
   d - Regeneration                   Charms/Necromancy            3
   e - Animate Dead                   Necromancy                   4
   f - Control Undead                 Necromancy                   4
Comestibles
 c - 3 bread rations
 f - a slice of pizza
 o - 6 fruits
 w - a meat ration


   Skills:
 - Level 1.7 Dodging
 - Level 1.7 Stealth
 + Level 3.2 Spellcasting
 - Level 7.0 Necromancy


You had 2 spell levels left.
You knew the following spells:

 Your Spells              Type           Power        Failure   Level  Hunger
a - Pain                  Necr           ####         1%          1    None
b - Vampiric Draining     Necr           ####......   3%          3    ###....
c - Animate Dead          Necr           N/A          12%         4    ####...


Dungeon Overview and Level Annotations

Branches:
Dungeon (4/15)
 Temple: D:4-7

Altars:
Kikubaaqudgha

Annotations:
D:4 exclusions: Edmund and worker ant, Edmund, Menkaure


Innate Abilities, Weirdness & Mutations

You have very sharp fingernails.
You are partially covered in thin metallic scales (AC +2).


Message History

The worker ant convulses in agony!
You kill the worker ant!
Kikubaaqudgha accepts your kill.
Your Spellcasting skill increases to level 3!
You feel sick.
You take 2 damage, and have 24/35 hp.
You now have 3/9 mp.
You start resting.
You feel sick. x6
You are no longer poisoned.
You take 4 damage, and have 20/35 hp.
You regained 2 mp, and now have 5/9 mp.
You start resting.
You regained 3 hp, and now have 23/35 hp.
MP restored: 9 You start resting.
Health restored: 35 Saving game... please wait.
Level annotation: exclusions: Edmund and worker ant, Edmund, Menkaure Lua error: /dgldir/rcfiles/crawl-git/Fizybubbleh.rc:648: unexpected symbol near '#' Welcome back, Fizybubbleh the Demonspawn Necromancer.
Kikubaaqudgha says: Spread unending torment and darkness!

......# ... ...
##.##.# #.###.#
#.##.##### #....#
#...?..a.(a...#.##
#####.####### #.#
# ##.# #.# # #..#
#.# # #..# #.# #
#..# #@#
####..##########.#
.................#
####..############
#..# #..# #..#
##### #..#
#...####### #..#
#........@.


There were no monsters in sight!

Vanquished Creatures
  An orc priest (D:3)
  3 worker ants (D:4)
  2 adders
  3 gnolls (D:3)
  An ooze (D:1)
  7 orcs (D:3)
  4 giant cockroaches
  10 hobgoblins
  4 jackals (D:3)
  6 kobolds
  2 quokkas (D:3)
  7 bats
  A giant gecko (D:3)
  5 giant newts
  7 goblins
  3 rats
66 creatures vanquished.

Notes
Turn   | Place    | Note
--------------------------------------------------------------
     0 | D:1      | Fizybubbleh the Demonspawn Necromancer began the quest for the Orb.
     0 | D:1      | Reached XP level 1. HP: 13/13 MP: 3/3
   558 | D:1      | Gained mutation: You have sharp fingernails. [demonic ancestry]
   558 | D:1      | Reached XP level 2. HP: 17/19 MP: 1/5
   688 | D:1      | Reached skill level 5 in Necromancy
   773 | D:1      | You fall through a shaft!
  1660 | D:2      | Reached XP level 3. HP: 16/24 MP: 1/6
  3060 | D:3      | Learned a level 3 spell: Vampiric Draining
  3092 | D:3      | Reached skill level 6 in Necromancy
  3168 | D:3      | Gained mutation: You are partially covered in thin metallic scales (AC +2). [demonic ancestry]
  3168 | D:3      | Reached XP level 4. HP: 27/30 MP: 3/7
  3872 | D:3      | Reached skill level 7 in Necromancy
  3872 | D:3      | Gained mutation: You have very sharp fingernails. [demonic ancestry]
  3872 | D:3      | Reached XP level 5. HP: 29/35 MP: 1/8
  3950 | D:3      | Learned a level 4 spell: Animate Dead
  4301 | D:2      | Found an ancient bone altar of Kikubaaqudgha.
  4306 | D:2      | Became a worshipper of Kikubaaqudgha
  4749 | D:4      | Noticed Menkaure
  4866 | D:4      | Noticed Edmund
  5065 | D:4      | Upgraded the game from 0.17-a0-1442-g10bb59b to 0.17-a0-1450-g7e755d1
  5065 | D:4      | Quit the game

Vault maps used:
D:1:      dpeg_arrival_rhombus, serial_glass, glass_columns_b, glass_columns_a
D:2:      lemuel_upstairs_altar
D:3:      first_bread
D:4:      uniq_duvessa, uniq_menkaure, uniq_edmund

Action                   |  1- 3 |  4- 6 || total
-------------------------+-------+-------++-------
Melee: Unarmed           |     2 |       ||     2
       Dagger            |    23 |    69 ||    92
Throw: Stone             |     7 |     3 ||    10
 Cast: Pain              |    70 |    58 ||   128
 Stab: Sleeping          |     1 |       ||     1
  Eat: Chunk             |     8 |     6 ||    14
